 Dungeon Crawl Stone Soup version 0.27.1-1-g398f81649c (webtiles) character file.

Game seed: 5855997260988598577

34 Descartes the Scratcher (level 3, 0/15 HPs)
             Began as a Felid Transmuter on Sept 7, 2021.
             Slain by an adder (4 damage)
             ... on level 2 of the Dungeon.
             The game lasted 00:04:03 (1801 turns).

Descartes the Scratcher (Felid Transmuter)          Turns: 1801, Time: 00:04:03

Health: 0/15       AC:  1    Str:  7    XL:     3   Next: 14%
Magic:  4/7        EV: 17    Int: 14    God:
Gold:   18         SH:  0    Dex: 16    Spells: 4/6 levels left
                                        Lives:  0   Deaths: 0

rFire    . . .     SeeInvis +     - Unarmed
rCold    . . .     Faith    .   (shield unavailable)
rNeg     . . .     Spirit   .   (armour unavailable)
rPois    .         Reflect  .   (helmet unavailable)
rElec    .         Harm     .   (cloak unavailable)
rCorr    .         Rampage  .   (gloves unavailable)
Will     .....                  (boots unavailable)
Stlth    ++........             (no amulet)
HPRegen  0.05/turn              (no ring)
MPRegen  0.10/turn              (no ring)

@: lethally poisoned (0 -> -1), appendages, quick
A: horns 2, very small, claws 1, fangs 3, see invisible, speed 1, shaggy fur 1,
stealthy paws, no weapons or thrown items, no armour, multi-lived
a: End Transformation


You were on level 2 of the Dungeon.
You had temporarily grown beastly horns.
You visited 1 branch of the dungeon, and saw 2 of its levels.

You collected 18 gold pieces.

Inventory:

Missiles
 b - 17 stones
Scrolls
 c - 2 scrolls of identify {unknown}
 e - a scroll of vulnerability {unknown}
Potions
 a - a potion of invisibility {unknown}
 d - 3 potions of heal wounds {unknown}
 f - a potion of curing {unknown}


   Skills:
 - Level 1.0 Fighting
 + Level 3.1 Dodging
 * Level 2.6 Stealth
 + Level 3.2 Unarmed Combat
 - Level 2.0 Spellcasting
 + Level 0.3 Conjurations
 + Level 2.5 Transmutations
 + Level 0.3 Poison Magic


You had 4 spell levels left.
You knew the following spells:

 Your Spells              Type           Power      Damage    Failure   Level
a - Beastly Appendage     Tmut           16%        N/A       9%          1
b - Magic Dart            Conj           8%         1d3       22%         1

Your spell library contained the following spells:

 Spells                   Type           Power      Damage    Failure   Level
 Wereblood                Tmut           8%         N/A       13%         2
 Call Imp                 Summ           1%         N/A       34%         2
 Spider Form              Tmut/Pois      2%         N/A       36%         3
 Ignite Poison            Fire/Tmut/Pois 4%         N/A       43%         3
 Mephitic Cloud           Conj/Pois/Air  2%         N/A       54%         3
 Conjure Flame            Conj/Fire      1%         6-21      56%         3
 Ice Form                 Ice/Tmut       4%         N/A       80%         4
 Olgreb's Toxic Radiance  Pois           2%         N/A       90%         4
 Sticky Flame             Conj/Fire      1%         2d3       92%         4
 Ozocubu's Refrigeration  Ice            0%         4d5       100%        7
 Ignition                 Fire           0%         3d3       100%        8


Dungeon Overview and Level Annotations

Branches:
Dungeon (2/15)

Altars:

Shops:
D:2 (


Innate Abilities, Weirdness & Mutations

You have temporarily grown beastly horns.
You have sharp claws.
You have razor-sharp teeth.
You have supernaturally acute eyesight. (SInv)
You cover ground quickly. (Speed+)
You are covered in fur. (AC +1)
Your paws help you pounce on unaware monsters.
You are incapable of wielding weapons or throwing items.
You cannot wear armour.
You gain extra lives every three experience levels.


Message History

The adder closely misses you.
You miss the adder. The adder closely misses you.
You scratch the adder.
The adder is moderately wounded.
The adder misses you.
You barely miss the adder.
The adder is moderately wounded.
The adder bites you.
Your horns disappear.
You scratch the adder but do no damage.
The adder is moderately wounded.
The adder closely misses you. The adder barely misses you.
You barely miss the adder.
The adder is moderately wounded.
The adder closely misses you.
You barely miss the adder.
The adder is moderately wounded.
The adder bites you.
You miss the adder. Your bite misses the adder.
The adder is moderately wounded.
The adder bites you.
You are poisoned.
The adder poisons you! The adder barely misses you.
Casting: Magic Dart (safe; 22% risk of failure)
Confirm with . or Enter, or press ? or * to list all spells.
You grow a pair of large bovine horns.
You feel sick. The adder misses you.
The endoplasm quivers.
You scratch the adder.
The adder is moderately wounded.
You feel sick. The adder barely misses you.
You scratch the adder but do no damage. Your bite misses the adder.
The adder is moderately wounded.
The adder barely misses you.
You barely miss the adder. Your headbutt misses the adder.
The adder is moderately wounded.
You feel sick. The adder barely misses you.
You barely miss the adder. Your headbutt misses the adder.
The adder is moderately wounded.
You feel sick. The adder bites you.
You die...

..######################
...............(........
....##....#####..######
###.##....# ##.#
.#..##....# #.#
..........### #@#
............# #S#
............# ##J##
......≈.≈...# #.K.#
.....≈≈.≈≈..# #.#J#
.....≈≈∩≈≈..# #.#)##
[..##≈≈≈≈≈..# ..#..#
...###≈≈≈...##.###.##
...# ########.. #..###


You could see an adder, 2 endoplasms and a kobold.

Vanquished Creatures
  A dart slug (D:1)
  5 ball pythons (D:1)
  2 bats
  2 endoplasms (D:1)
  2 giant cockroaches (D:1)
  6 hobgoblins (D:1)
  3 quokkas (D:1)
  A goblin (D:1)
  2 kobolds
  4 rats
28 creatures vanquished.

Notes
Turn   | Place    | Note
-------+----------+-------------------------------------------
     0 | D:1      | Descartes the Felid Transmuter began the quest for the Orb.
     0 | D:1      | Reached XP level 1. HP: 9/9 MP: 4/4
   158 | D:1      | Reached skill level 1 in Stealth
   231 | D:1      | Learned a level 1 spell: Magic Dart
   331 | D:1      | Reached XP level 2. HP: 12/12 MP: 4/6
  1231 | D:1      | Reached XP level 3. HP: 6/15 MP: 5/7
  1727 | D:2      | Found Mexaliuh's Antique Weapon Shoppe.
  1801 | D:2      | Slain by an adder

Illustrated notes

Levels and vault maps discovered:
D:1:      dpeg_arrival_round_a, layout_loops_ring, hangedman_decor_points,
          corexii_hall_statues_t, minmay_distorted
D:2:      minmay_general_purpose_star, layout_basic, serial_shops,
          nicolae_shop_waterfront, uniq_sigmund

Skill      XL: |  1  2 |
---------------+-------+-----
Stealth        | 1 2 |  2.6
Dodging        | 3 |  3.1
Fighting       | |  1.0
Unarmed Combat | |  3.2
Spellcasting   | |  2.0
Conjurations   | |  0.3
Transmutations | |  2.5
Poison Magic   | |  0.3

Action                   || total
-------------------------++-------
Melee: Unarmed           ||    54
       Headbutt          ||     1
       Punch             ||     1
       Bite              ||     1
 Cast: Beastly Appendage ||    20
       Magic Dart        ||    38
 Stab: Sleeping          ||     2
Armor: Skin              ||     4
Dodge: Dodged            ||    34
